 Dungeon Crawl Stone Soup version 0.18-a0-900-gbbf5c82 (webtiles) character file.

344 Duffy the Cleaver (level 6, -9/51 HPs)
             Began as a Hill Orc Fighter on Dec 24, 2015.
             Mangled by Menkaure (17 damage)
             ... on level 4 of the Dungeon.
             The game lasted 00:03:51 (2928 turns).

Duffy the Cleaver (Hill Orc Fighter)                Turns: 2928, Time: 00:03:52

Health: -9/51      AC: 12    Str: 21      XL:     6   Next: 58%
Magic:  6/6        EV:  6    Int:  8      God:
Gold:   154        SH:  0    Dex:  9 (10) Spells: 0 memorised, 5 levels left

rFire  . . .     SeeInvis .     a - +0 war axe
rCold  . . .     Gourm    .     y - +0 plate armour
rNeg   . . .     Faith    .     (no shield)
rPois  .         Spirit   .     e - +0 helmet
rElec  .         Dismiss  .     (no cloak)
rCorr  .         Reflect  .     (no gloves)
SustAt .         Harm     .     (no boots)
MR     .....                    (no amulet)
Stlth  ..........               (no ring)
                                (no ring)

@: not resistant to hostile enchantments, extremely unstealthy
A: no striking features
a: no special abilities


You were on level 4 of the Dungeon.
You were hungry.

You visited 1 branch of the dungeon, and saw 5 of its levels.

You collected 154 gold pieces.


   Skills:
 - Level 3.6 Fighting
 + Level 8.9 Axes
 - Level 3.2 Armour
 - Level 3.2 Shields


You had 5 spell levels left.
You didn't know any spells.

Inventory:

Hand Weapons
 a - a +0 war axe (weapon)
Armour
 c - a +0 shield
 e - a +0 helmet (worn)
 y - a +0 plate armour (worn)
Wands
 v - a wand of disintegration (1/24)
 z - a wand of draining (5/15)
Scrolls
 b - a scroll of fog {unknown}
 g - a scroll of blinking {unknown}
 i - 5 scrolls of remove curse {unknown}
 j - a scroll of teleportation {unknown}
 l - 6 scrolls of identify {unknown}
 o - a scroll of magic mapping {unknown}
 p - a scroll of noise {unknown}
 w - a scroll of random uselessness {unknown}
 A - 3 scrolls of recharging {unknown}
Potions
 d - 2 potions of might
 h - a potion of invisibility {unknown}
 k - a potion of degeneration {unknown}
 q - 4 potions of curing {unknown}
 r - a potion of cure mutation {unknown}
 t - a potion of cancellation {unknown}
 u - a potion of lignification {unknown}
 x - a potion of ambrosia {unknown}
 B - a potion of haste {unknown}
 C - a potion of berserk rage {unknown}
Comestibles
 f - 2 bread rations
 m - 2 beef jerkies
 n - 2 meat rations
 s - 3 fruits

Dungeon Overview and Level Annotations

Branches:
Dungeon (5/15)
 Temple: D:4-7

Altars:
Dithmenos
Fedhas
Gozag
Kikubaaqudgha
Pakellas

Annotations:
D:4 Menkaure, Pikel


Message History

You feel your dexterity returning.
Things that are here:
a rapier; a leather armour HP restored.
You now have 133 gold pieces (gained 16).
A - 3 scrolls labeled NOATEYTUME (gained 1)
You now have 154 gold pieces (gained 21).
Menkaure, Prince of Dust comes into view.
Found 11 gold pieces.
Menkaure calls on the powers of darkness!
Your body is wracked with pain!
A slave comes into view.
The slave shouts! 2 slaves come into view.
The slave shouts! x2
An ooze, a slave and Pikel come into view.
The slave shouts!
The ooze quivers.
Menkaure hits you!
You slash Menkaure!
Menkaure is heavily damaged.
Menkaure hits you but does no damage.
You slash Menkaure!
Menkaure is almost destroyed.
Menkaure hits you.
You completely miss Menkaure.
Menkaure is almost destroyed.
Menkaure calls on the powers of darkness!
Your body is wracked with pain!
The slave convulses!
The slave convulses!
The slave convulses! x2
Pikel convulses!
The ooze convulses!
You closely miss Menkaure.
Menkaure is almost destroyed.
Menkaure hits you!
You die...

...##...##.##...........
............#####...).
...##..#.##.#######..###
.. ...##..#......#...# #
....#.###...........## #
...... ......###..#.####
...... #....# #........
o....p###....#+#...#####
....KpM@...........###
....pp###............#
..... #.......#.##....
#... #.......#.######
### #....#####.#
....##.# #.# .... #..
..# ...$. .#.# ..#.
..... . .##.# .


You could see Pikel, 4 slaves, Menkaure and an orc (wandering).

Action                   |  1- 3 |  4- 6 || total
-------------------------+-------+-------++-------
Melee: War axe           |   122 |   124 ||   246
  Eat: Chunk             |     2 |     4 ||     6

Notes
Turn   | Place    | Note
--------------------------------------------------------------
     0 | D:1      | Duffy the Hill Orc Fighter began the quest for the Orb.
     0 | D:1      | Reached XP level 1. HP: 19/19 MP: 1/1
    36 | D:1      | Reached skill level 3 in Axes
   345 | D:1      | Reached XP level 2. HP: 26/26 MP: 2/2
   390 | D:1      | Reached skill level 4 in Axes
   693 | D:2      | Found an opulent altar of Gozag.
   762 | D:2      | Reached XP level 3. HP: 28/31 MP: 3/3
   834 | D:2      | Found a shadowy altar of Dithmenos.
  1072 | D:2      | Found an oddly glowing altar of Pakellas.
  1143 | D:3      | Reached skill level 5 in Axes
  1453 | D:3      | Reached XP level 4. HP: 33/39 MP: 4/4
  1522 | D:3      | Found a blossoming altar of Fedhas.
  1678 | D:3      | Reached skill level 6 in Axes
  1790 | D:3      | Found an ancient bone altar of Kikubaaqudgha.
  2278 | D:4      | Noticed Eustachio
  2308 | D:5      | Entered Level 5 of the Dungeon
  2319 | D:5      | Reached XP level 5. HP: 36/45 MP: 5/5
  2675 | D:4      | Reached skill level 7 in Axes
  2858 | D:4      | Killed Eustachio
  2858 | D:4      | Reached skill level 8 in Axes
  2858 | D:4      | Reached XP level 6. HP: 46/51 MP: 6/6
  2920 | D:4      | Noticed Menkaure
  2924 | D:4      | Noticed Pikel
  2928 | D:4      | Mangled by Menkaure

Vault maps used:
D:1:      minmay_arrival_checkered_box
D:2:      grunt_dithmenos_smoke, nicolae_gozag_cash_rules_everything_around_me,
          minmay_misc_feat_more_columns, johnstein_pakellas_dig
D:3:      overflow_temple_1_default, lemuel_zombie_altar_kikubaaqudgha
D:4:      kennysheep_mini, kennysheep_mini_moat,
          minmay_temple_entry_statues_pillars, first_bread, uniq_pikel,
          uniq_menkaure, uniq_eustachio
D:5:      gammafunk_temple_overflow_statue

Vanquished Creatures
  Eustachio
  A scorpion
  An iguana
  7 adders
  An ooze
  3 worms
  A giant gecko
  6 bats
  2 bat zombies
  3 giant cockroaches
  5 goblins
  5 hobgoblins
  A giant gecko skeleton
  6 giant newts
  5 jackals
  3 kobolds
  8 rats
59 creatures vanquished.
